 Dungeon Crawl Stone Soup version 0.29-a0-356-g7bc237e783 (webtiles) character file.

Game seed: 5001502282421962806

555 croobank the Firebug (level 7, -1/51 HPs)
             Began as a Gnoll Fire Elementalist on Apr 26, 2022.
             Slain by Duvessa
             ... wielding a +0 short sword
              (8 damage)
             ... on level 4 of the Dungeon.
             The game lasted 00:16:30 (4837 turns).

croobank the Firebug (Gnoll Fire Elementalist)      Turns: 4837, Time: 00:16:31

Health: -1/51      AC:  2    Str:  7    XL:     7   Next: 30%
Magic:  0/15       EV: 13    Int: 17    God:
Gold:   203        SH:  0    Dex: 12    Spells: 3/17 levels left

rFire   . . .      SeeInvis .   k - +0 quarterstaff
rCold   . . .      Faith    .   (shield currently unavailable)
rNeg    . . .      Spirit   +   a - +0 robe
rPois   .          Reflect  .   (no helmet)
rElec   .          Harm     .   (no cloak)
rCorr   .          Rampage  .   (no gloves)
Will    +....                   (no boots)
Stlth   +++.......              i - amulet of guardian spirit
HPRegen 0.17/turn               d - ring of willpower
MPRegen 0.14/turn               (no ring)

@: confusing by touch, very slightly contaminated
A: fangs 1, strong nose, distributed training
a: no special abilities


You were on level 4 of the Dungeon.
You visited 1 branch of the dungeon, and saw 5 of its levels.

You collected 203 gold pieces.

Inventory:

Hand Weapons
 h - a +0 hunting sling
 k - a +0 quarterstaff (weapon)
Missiles
 c - 179 stones
 q - 5 silver javelins
Armour
 a - a +0 robe (worn)
 b - a +0 ring mail
 l - a +0 leather armour
 o - a +0 scale mail
Jewellery
 d - a ring of willpower (left hand)
 i - an amulet of guardian spirit (around neck)
Scrolls
 f - a scroll of magic mapping {unknown}
 r - a scroll of blinking {unknown}
 s - a scroll of immolation
 t - a scroll of enchant armour {unknown}
 v - a scroll of teleportation
 x - a scroll of identify
Potions
 e - a potion of lignification
 g - a potion of berserk rage
 j - 2 potions of curing
 m - 2 potions of degeneration {unknown}
 n - a potion of brilliance {unknown}
 p - a potion of cancellation {unknown}
 u - a potion of attraction {unknown}
 w - a potion of heal wounds {unknown}
 z - a potion of might


   Skills:
 + Level 2.4 Fighting
 + Level 2.4 Short Blades
 + Level 2.4 Long Blades
 + Level 2.4 Axes
 + Level 2.4 Maces & Flails
 + Level 2.4 Polearms
 + Level 2.4 Staves
 + Level 2.4 Slings
 + Level 2.4 Bows
 + Level 2.4 Crossbows
 + Level 2.4 Throwing
 + Level 2.4 Armour
 + Level 5.2 Dodging
 + Level 4.8 Stealth
 + Level 2.4 Shields
 + Level 2.4 Unarmed Combat
 + Level 5.6 Spellcasting
 + Level 2.9 Conjurations
 + Level 2.0 Hexes
 + Level 2.0 Summonings
 + Level 2.0 Necromancy
 + Level 2.0 Translocations
 + Level 2.0 Transmutations
 + Level 5.8 Fire Magic
 + Level 2.0 Ice Magic
 + Level 2.0 Air Magic
 + Level 2.0 Earth Magic
 + Level 2.0 Poison Magic
 + Level 2.6 Invocations
 + Level 2.4 Evocations


You had 3 spell levels left.
You knew the following spells:

 Your Spells              Type           Power      Damage    Failure   Level
a - Foxfire               Conj/Fire      76%        2x1d7     2%          1
b - Scorch                Fire           48%        2d7       1%          2
c - Flame Wave            Conj/Fire      19%        2d6       22%         4
d - Confusing Touch       Hex            11%        N/A       19%         3
e - Vampiric Draining     Necr           11%        2d6       19%         3
f - Slow                  Hex            44%        N/A       6%          1

Your spell library contained the following spells:

 Spells                   Type           Power      Damage    Failure   Level
 Conjure Flame            Conj/Fire      19%        6-21      7%          3
 Sublimation of Blood     Necr           11%        N/A       9%          2
 Wereblood                Tmut           11%        N/A       9%          2
 Inner Flame              Hex/Fire       18%        N/A       9%          3
 Summon Hydra             Summ           5%         N/A       100%        7


Dungeon Overview and Level Annotations

Branches:
Dungeon (5/15)
 Temple: D:4-7

Altars:
Nemelex Xobeh
Uskayaw
Wu Jian
Yredelemnul

Shops:
D:1 :   D:3 =

Annotations:
D:4 Duvessa


Innate Abilities, Weirdness & Mutations

You have very sharp teeth.
Your uncanny sense of smell can sniff out nearby items.
Your experience applies equally to all skills.


Message History

Your Earth Magic skill increases to level 2!
Your Poison Magic skill increases to level 2!
There is an open door here.
The gnoll misses you.
The gnoll hits you from afar with a +0 spear.
The gnoll misses you. The gnoll misses you.
There is an open door here.
There is a stone staircase leading up here.
Casting: Foxfire (safe; 2% risk of failure)
Confirm with . or Enter, or press ? or * to list all spells.
Flames lash the gnoll.
The gnoll is lightly wounded.
The gnoll's fire resistance burns away.
The gnoll closely misses you.
The gnoll hits you from afar with a +0 spear.
You climb upwards.
Level annotation: Duvessa Duvessa barely misses you.
Duvessa hits you with a +0 short sword!
There is a stone staircase leading down here.
Casting: Scorch (safe; 1% risk of failure)
Confirm with . or Enter, or press ? or * to list all spells.
Aiming: Slow (safe; 6% risk of failure)
Press: ? - help, Shift-Dir - straight line, f - Duvessa
Aim: Duvessa, wielding a +0 short sword and wearing a +0 leather armour (berserk, chance to affect: 32%)
Okay, then.
Casting: Slow (safe; 6% risk of failure)
Confirm with . or Enter, or press ? or * to list all spells.
Aiming: Vampiric Draining (dangerous; 19% risk of failure)
Press: ? - help, Shift-Dir - straight line, f - Duvessa
Aim: Duvessa, wielding a +0 short sword and wearing a +0 leather armour (berserk)
You miscast Vampiric Draining.
You are very lightly contaminated with residual magic.
Nothing appears to happen.
Duvessa hits you with a +0 short sword!
Casting: Vampiric Draining (dangerous; 19% risk of failure)
Confirm with . or Enter, or press ? or * to list all spells.
Your hands begin to glow red.
Duvessa hits you with a +0 short sword! x2
* * * LOW HITPOINT WARNING * * *
You hit Duvessa but do no damage. You bite Duvessa, but do no damage.
Duvessa hits you with a +0 short sword!
You die...

###.†..... .. #..#.... ..
# # ##..#.... #. #.
#...#.... #.. #. ##.##
#..###### #... #. .. ..
#..###### #.#.##.
.#.#.##........
#.....e##.#.#.#....##<##
#...@..#......#....##
##.##..###.#....##### ##
##.#.......###.##### #
##.# ##..#####.# #......
.. ...# ##e.....##.#
#######
#.##..###....##.##.#
.....#.#.#.#.......## #
.##.##.##.##.#....)...#
......##....##.#..#.##..#


You could see Duvessa (berserk).

Vanquished Creatures
  A phantom (D:5)
  A necrophage (D:5)
  2 scorpions (D:5)
  Dowan (D:4)
  2 hounds
  An orc priest (D:5)
  Jessica (D:2)
  A gnoll (D:5)
  3 adders (D:5)
  An ufetubus (D:5)
  2 worms
  2 dart slugs (D:2)
  8 orcs
  5 ball pythons
  11 endoplasms
  2 giant cockroaches
  4 goblins
  9 hobgoblins
  6 jackals
  2 quokkas (D:1)
  8 bats
  5 frilled lizards
  8 kobolds
  6 rats
92 creatures vanquished.

Vanquished Creatures (others)
  173 foxfires
  21 fungi (D:5)
194 creatures vanquished.

Grand Total: 286 creatures vanquished

Notes
Turn   | Place    | Note
-------+----------+-------------------------------------------
     0 | D:1      | croobank the Gnoll Fire Elementalist began the quest for
                  | the Orb.
     0 | D:1      | Reached XP level 1. HP: 13/13 MP: 6/6
    56 | D:1      | Found a faded altar of an unknown god.
    56 | D:1      | Noticed a floating eye
    78 | D:1      | Noticed a golden eye
    89 | D:1      | Noticed an eye of devastation
   108 | D:1      | Noticed a golden eye
   268 | D:1      | Reached XP level 2. HP: 14/19 MP: 3/7
   301 | D:1      | Learned a level 2 spell: Scorch
   709 | D:1      | Found Omuiw's Book Emporium.
   806 | D:1      | Reached XP level 3. HP: 25/25 MP: 6/9
   842 | D:1      | Reached skill level 5 in Spellcasting
  1175 | D:2      | Noticed Jessica
  1181 | D:2      | Killed Jessica
  1182 | D:2      | Reached skill level 1 in Fighting
  1182 | D:2      | Reached skill level 1 in Short Blades
  1182 | D:2      | Reached skill level 1 in Long Blades
  1182 | D:2      | Reached skill level 1 in Axes
  1182 | D:2      | Reached skill level 1 in Maces & Flails
  1182 | D:2      | Reached skill level 1 in Polearms
  1182 | D:2      | Reached skill level 1 in Staves
  1182 | D:2      | Reached skill level 1 in Slings
  1182 | D:2      | Reached skill level 1 in Bows
  1182 | D:2      | Reached skill level 1 in Crossbows
  1182 | D:2      | Reached skill level 1 in Throwing
  1182 | D:2      | Reached skill level 1 in Armour
  1182 | D:2      | Reached skill level 1 in Shields
  1182 | D:2      | Reached skill level 1 in Unarmed Combat
  1182 | D:2      | Reached skill level 1 in Invocations
  1182 | D:2      | Reached skill level 1 in Evocations
  1182 | D:2      | Reached XP level 4. HP: 32/32 MP: 1/11
  1493 | D:2      | Found a basalt altar of Yredelemnul.
  2326 | D:3      | Found a sparkling altar of Nemelex Xobeh.
  2339 | D:3      | Reached skill level 1 in Hexes
  2339 | D:3      | Reached skill level 1 in Summonings
  2339 | D:3      | Reached skill level 1 in Necromancy
  2339 | D:3      | Reached skill level 1 in Translocations
  2339 | D:3      | Reached skill level 1 in Transmutations
  2339 | D:3      | Reached skill level 1 in Ice Magic
  2339 | D:3      | Reached skill level 1 in Air Magic
  2339 | D:3      | Reached skill level 1 in Earth Magic
  2339 | D:3      | Reached skill level 1 in Poison Magic
  2366 | D:3      | Learned a level 4 spell: Flame Wave
  2494 | D:3      | Found Riec's Jewellery Shop.
  3531 | D:4      | Reached XP level 5. HP: 37/37 MP: 7/12
  3688 | D:4      | Noticed Dowan
  3692 | D:4      | Noticed Duvessa
  3696 | D:4      | Killed Dowan
  3714 | D:5      | Entered Level 5 of the Dungeon
  3809 | D:5      | Reached XP level 6. HP: 21/44 MP: 7/13
  4006 | D:5      | Reached skill level 5 in Dodging
  4119 | D:5      | Found an ornate altar of the Wu Jian Council.
  4284 | D:5      | Learned a level 3 spell: Confusing Touch
  4288 | D:5      | Learned a level 3 spell: Vampiric Draining
  4290 | D:5      | Learned a level 1 spell: Slow
  4548 | D:5      | Reached XP level 7. HP: 50/50 MP: 10/15
  4611 | D:5      | Found a hide-covered altar of Uskayaw.
  4837 | D:4      | Slain by Duvessa

Illustrated notes

Levels and vault maps discovered:
D:1:      minmay_arrival_three_doors, layout_basic, serial_shops, shop,
          hellmonk_ecumenical_altar_watching_god
D:2:      layout_basic, basic_altar, uniq_jessica
D:3:      layout_loops_cross, nemelex_diamond_rough_becter, serial_shops,
          nicolae_shop_crystal
D:4:      layout_loops_cross, kennysheep_generic_room_4, uniq_duvessa,
          uniq_menkaure
D:5:      layout_gridville, nicolae_wu_jian_immortal_techniques,
          mainiacjoe_overflow_cross_hatched, hangedman_decor_riveting

Skill      XL: |  1  2  3  4  5  6  7 |
---------------+----------------------+-----
Conjurations   | 2 |  2.9
Spellcasting   | 5 |  5.6
Fighting       | 1 2 |  2.4
Short Blades   | 1 2 |  2.4
Long Blades    | 1 2 |  2.4
Axes           | 1 2 |  2.4
Maces & Flails | 1 2 |  2.4
Polearms       | 1 2 |  2.4
Staves         | 1 2 |  2.4
Slings         | 1 2 |  2.4
Bows           | 1 2 |  2.4
Crossbows      | 1 2 |  2.4
Throwing       | 1 2 |  2.4
Armour         | 1 2 |  2.4
Shields        | 1 2 |  2.4
Unarmed Combat | 1 2 |  2.4
Invocations    | 1 2 |  2.6
Evocations     | 1 2 |  2.4
Hexes          | 1 2 |  2.0
Summonings     | 1 2 |  2.0
Necromancy     | 1 2 |  2.0
Translocations | 1 2 |  2.0
Transmutations | 1 2 |  2.0
Ice Magic      | 1 2 |  2.0
Air Magic      | 1 2 |  2.0
Earth Magic    | 1 2 |  2.0
Poison Magic   | 1 2 |  2.0
Dodging        | 5 |  5.2
Stealth        | |  4.8
Fire Magic     | |  5.8

Action                   |  1- 3 |  4- 6 |  7- 9 || total
-------------------------+-------+-------+-------++-------
Melee: Unarmed           |    20 |     3 |       ||    23
       Bite              |     1 |       |     1 ||     2
       Quarterstaff      |       |     8 |     1 ||     9
 Cast: Foxfire           |    31 |    65 |     6 ||   102
       Scorch            |     5 |    37 |     8 ||    50
       Confusing Touch   |       |       |     1 ||     1
  Use: Scroll            |     2 |     9 |       ||    11
       Potion            |     1 |     3 |       ||     4
Armor: Robe              |     7 |     4 |     1 ||    12
Dodge: Dodged            |    17 |    10 |     9 ||    36

Table legend: (Time is in decaauts)
 A = Elapsed time spent in this place.
 B = Non-inter-level travel time spent in this place.
 C = Inter-level travel time spent in this place.
 D = Time resting spent in this place.
 E = Time spent auto-exploring this place.
 F = Levels seen in this place.
 G = Mean time per level.
                   A        B        C        D        E       F      G
               +--------+--------+--------+--------+--------+-----+--------+
         Total |   4837 |   4767 |     70 |    765 |   3125 |   5 |  967.4 |
       Dungeon |   4837 |   4767 |     70 |    765 |   3125 |   5 |  967.4 |
               +--------+--------+--------+--------+--------+-----+--------+

Top non-repeatable levels by time:
     D:1: 1171 daAuts
     D:2: 1129 daAuts
     D:5: 1119 daAuts
     D:3: 1098 daAuts
     D:4: 317 daAuts
